 Dungeon Crawl Stone Soup version 0.29-a0-91-gdebf4667c2 (webtiles) character file.

Game seed: 7581910620817075030

8241 siradein the Arsonist (level 11, -8/70 (84) HPs)
             Began as a Black Draconian Fire Elementalist on Feb 9, 2022.
             Was a Believer of Vehumet.
             Killed from afar by Josephine (42 damage)
             ... with a ghostly fireball
             ... on level 10 of the Dungeon.
             The game lasted 01:16:16 (15162 turns).

siradein the Arsonist (DrFE)                       Turns: 15162, Time: 01:16:17

HP:   -8/70 (84)    AC:  9    Str: 10    XL:     11   Next: 7%
MP:   22/31         EV: 15    Int: 20    God:    Vehumet [**....]
Gold: 660           SH:  0    Dex: 12    Spells: 3/25 levels left

rFire   + . .      SeeInvis .   g - staff of fire
rCold   . . .      Faith    .   (no shield)
rNeg    . . .      Spirit   .   (armour unavailable)
rPois   .          Reflect  .   (helmet restricted)
rElec   +          Harm     .   F - +0 cloak
rCorr   .          Rampage  .   B - +0 pair of gloves
Will    +....                   (no boots)
Stlth   ++........              (no amulet)
HPRegen 0.21/turn               x - ring of willpower
MPRegen 0.22/turn               b - ring of magical power

@: heavily drained
A: breathe lightning, AC +7, unfitting armour, electricity resistance,
cold-blooded
a: Breathe Lightning, Renounce Religion


You were on level 10 of the Dungeon.
You worshipped Vehumet.
Vehumet was pleased with you.
You visited 2 branches of the dungeon, and saw 11 of its levels.

You collected 660 gold pieces.

Inventory:

Hand Weapons
 E - the +8 dagger "Xigg" {freeze, Will+ Dex+3}
   (You found it on level 7 of the Dungeon)

   It freezes those it strikes, dealing additional cold damage.
   It can also slow down cold-blooded creatures.
   Dex:       It affects your dexterity (+3).
   Will:      It increases your willpower.
 K - the +5 dagger of the Gnat {vorpal, +Blink}
   (You took it off an orc warrior on level 9 of the Dungeon)

   It inflicts extra damage upon your enemies.
   +Blink:    It lets you blink.
Armour
 B - a +0 pair of gloves (worn)
 F - a +0 cloak (worn)
Magical Staves
 e - a staff of death
 f - a staff of air
 g - a staff of fire (weapon)
 A - a staff of conjuration
Jewellery
 b - a ring of magical power (right hand)
 o - a ring of resist corrosion
 p - a +6 ring of strength
 r - a ring of positive energy
 u - a ring of see invisible
 w - a +6 ring of strength
 x - a ring of willpower (left hand)
 I - a +4 ring of slaying
 M - a +4 ring of evasion
Wands
 n - a wand of paralysis (6)
 J - a wand of flame (16)
Scrolls
 h - 3 scrolls of magic mapping
 i - 3 scrolls of brand weapon
 j - 2 scrolls of enchant weapon
 k - 2 scrolls of amnesia {unknown}
 m - a scroll of fog {unknown}
 q - a scroll of torment {unknown}
 s - a scroll of holy word {unknown}
 t - 5 scrolls of teleportation {unknown}
 y - 2 scrolls of immolation {unknown}
 G - a scroll of blinking {unknown}
Potions
 a - 2 potions of flight
 c - 2 potions of curing
 d - a potion of cancellation
 l - a potion of berserk rage
 v - 2 potions of might
 z - a potion of brilliance
 C - 2 potions of magic {unknown}
 D - 4 potions of heal wounds {unknown}
 H - 2 potions of lignification {unknown}
 L - 2 potions of ambrosia {unknown}


   Skills:
 + Level 4.1 Fighting
 + Level 7.6 Dodging
 - Level 1.7 Stealth
 + Level 7.8 Spellcasting
 + Level 8.3 Conjurations
 + Level 8.7 Fire Magic
 + Level 4.4 Air Magic


You had 3 spell levels left.
You knew the following spells:

 Your Spells              Type           Power      Damage    Failure   Level
a - Foxfire               Conj/Fire      100%       2x1d9     1%          1
b - Scorch                Fire           100%       2d10      1%          2
c - Conjure Flame         Conj/Fire      58%        6-21      1%          3
d - Inner Flame           Hex/Fire       38%        N/A       4%          3
e - Flame Wave            Conj/Fire      58%        2d11      2%          4
f - Fire Storm            Conj/Fire      29%        8d7       100%        9

Your spell library contained the following spells:

 Spells                   Type           Power      Damage    Failure   Level
 Static Discharge         Conj/Air       33%        N/A       1%          2
 Shock                    Conj/Air       100%       1d9       1%          1
 Swiftness                Air            25%        N/A       4%          3
 Corpse Rot               Necr/Air       32%        N/A       5%          2
 Poisonous Vapours        Pois/Air       32%        N/A       5%          2
 Airstrike                Air            12%        N/A       14%         4
 Irradiate                Conj/Tmut      12%        3d18      41%         5
 Blade Hands              Tmut           3%         N/A       94%         5
 Dragon Form              Tmut           3%         N/A       100%        7
 Chain Lightning          Conj/Air       16%        3d22      100%        9
 Shatter                  Erth           3%         3d7*      100%        9


Dungeon Overview and Level Annotations

Branches:
Dungeon (10/15)            Temple (1/1) D:6            Lair (0/6) D:9
    Orc: D:9-12

Altars:
Ashenzari
Cheibriados
Dithmenos
Elyvilon
Fedhas
Gozag
Hepliaklqana
Kikubaaqudgha
Makhleb
Nemelex Xobeh
Okawaru
Qazlal
Ru
Sif Muna
Trog
Uskayaw
Vehumet
Wu Jian
Xom
Yredelemnul
Zin
The Shining One

Shops:
D:1 [   D:2 :   D:7 (

Annotations:
D:7 2 transporters
D:10 Josephine


Innate Abilities, Weirdness & Mutations

You can breathe wild blasts of lightning.
Your glossy black scales are hard. (AC +7)
You cannot fit into any form of body armour.
You are resistant to electric shocks. (rElec)
You are cold-blooded and may be slowed by cold attacks.


Message History

Aim: Josephine, wielding a +0 dagger and wearing a +2 robe of willpower (spells empowered, chance to affect: 27%)
You feel a surge of power!
Josephine easily resists.
Casting: Inner Flame (mildly dangerous; 4% risk of failure)
Confirm with . or Enter, or press ? or * to list all spells.
Aiming: Inner Flame (mildly dangerous; 4% risk of failure)
Press: ? - help, Dir - move target, f/p - Josephine
Aim: Josephine, wielding a +0 dagger and wearing a +2 robe of willpower (spells empowered, chance to affect: 27%)
You feel a surge of power!
Josephine easily resists.
Josephine says, "I'll make a rug of your skin."
Casting: Inner Flame (mildly dangerous; 4% risk of failure)
Confirm with . or Enter, or press ? or * to list all spells.
Aiming: Inner Flame (mildly dangerous; 4% risk of failure)
Press: ? - help, Dir - move target, f/p - Josephine
Aim: Josephine, wielding a +0 dagger and wearing a +2 robe of willpower (spells empowered, chance to affect: 27%)
You feel a surge of power!
Josephine easily resists.
Casting: Inner Flame (mildly dangerous; 4% risk of failure)
Confirm with . or Enter, or press ? or * to list all spells.
Aiming: Inner Flame (mildly dangerous; 4% risk of failure)
Press: ? - help, Dir - move target, f/p - Josephine
Aim: Josephine, wielding a +0 dagger and wearing a +2 robe of willpower (spells empowered, chance to affect: 27%)
You feel a surge of power!
Josephine easily resists.
Josephine points at you and mumbles some strange words.
The ghostly flame explodes!
The ghostly fireball engulfs you!!
You feel drained.
You see here a +0 troll leather armour.
Josephine laughs insanely.
Josephine grins malevolently.
Josephine gestures at you while chanting.
The ghostly flame explodes!
The ghostly fireball engulfs you!
You feel drained.
Josephine grinds her teeth.
Josephine gestures at you while chanting.
The ghostly flame explodes!
The ghostly fireball engulfs you!!
You feel drained.
Josephine seems less brilliant.
Josephine drinks a potion.
Josephine's spells are empowered!
Josephine casts a spell at you.
The ghostly flame explodes!
The ghostly fireball engulfs you!!!
You feel drained.
Ouch! That really hurt!
You die...

#.......# .. #.......#######
#....# ## #.............# #....#
#. #.########....#
#######....#####. #.# #....#
#................ #.#
#....###................ ..#
#....(..................
..########.......................
................@<...............
.........................).......
.............................####
....^...........#######'####.#...
..........@.....'..........#.#...
...#'##+#.......#.....[....#.#...
...#....#.......#......>...###...
...#....#.......#.....[..........
...#....'.......#................


You could see Josephine (empowered).

Vanquished Creatures
  2 two-headed ogres (D:9)
  2 trolls (D:10)
  Grinder (D:5)
  15 yaks
  6 wraiths
  2 steam dragons
  Eustachio (D:4)
  Edmund (D:7)
  A water moccasin (D:7)
  5 orc warriors
  2 sky beasts (D:6)
  A black bear (D:7)
  3 ogres
  A centaur (D:9)
  3 kobold brigands
  2 bullfrogs
  A gnoll sergeant (D:7)
  A water moccasin zombie (D:5)
  A water moccasin skeleton (D:5)
  4 howler monkeys (D:9)
  A bullfrog zombie (D:5)
  4 centaur zombies
  A hound (D:5)
  4 jellies
  A centaur skeleton (D:7)
  A bullfrog skeleton (D:6)
  6 orc priests
  A gnoll shaman (D:7)
  An iguana (D:6)
  10 orc wizards
  A killer bee zombie (D:5)
  10 gnolls (D:7)
  6 adders
  A shadow imp (D:5)
  A white imp (D:8)
  4 dart slugs
  37 orcs
  8 endoplasms
  4 giant cockroaches
  9 goblins
  2 hobgoblins
  4 quokkas
  11 ball pythons
  A bat (D:3)
  6 frilled lizards
  26 kobolds
  A quokka skeleton (D:4)
  8 rats
  A spectral orc (D:6)
226 creatures vanquished.

Vanquished Creatures (collateral kills)
  3 foxfires (D:5)
3 creatures vanquished.

Vanquished Creatures (others)
  781 foxfires
  8 plants (D:5)
789 creatures vanquished.

Grand Total: 1018 creatures vanquished

Notes
Turn   | Place    | Note
-------+----------+-------------------------------------------
     0 | D:1      | siradein the Draconian Fire Elementalist began the quest
                  | for the Orb.
     0 | D:1      | Reached XP level 1. HP: 14/14 MP: 3/3
   239 | D:1      | Reached XP level 2. HP: 20/20 MP: 3/5
   825 | D:1      | Found Aphaod's Antique Armour Shop.
   934 | D:1      | Found a faded altar of an unknown god.
  1021 | D:2      | Reached XP level 3. HP: 18/26 MP: 2/6
  1344 | D:2      | Learned a level 2 spell: Scorch
  1365 | D:2      | Learned a level 3 spell: Conjure Flame
  1867 | D:2      | You fall into a shaft and drop 1 floor!
  2146 | D:2      | Found Deinn's Book Boutique.
  2503 | D:3      | Reached XP level 4. HP: 33/33 MP: 4/7
  3247 | D:3      | Found a faded altar of an unknown god.
  3520 | D:3      | Found a bloodstained altar of Trog.
  3789 | D:4      | Reached XP level 5. HP: 38/38 MP: 7/9
  3913 | D:4      | Noticed an ogre
  3919 | D:4      | Learned a level 3 spell: Inner Flame
  3933 | D:4      | Killed an ogre
  4399 | D:4      | Reached XP level 6. HP: 45/45 MP: 7/11
  4488 | D:4      | Noticed Eustachio
  4611 | D:4      | Killed Eustachio
  5038 | D:5      | Entered Level 5 of the Dungeon
  5105 | D:5      | Your scales start taking on a glossy black colour.
  5105 | D:5      | Reached XP level 7. HP: 39/50 MP: 6/12
  5105 | D:5      | Gained mutation: You are resistant to electric shocks.
                  | (rElec) [Black Draconian growth]
  5110 | D:5      | Learned a level 4 spell: Flame Wave
  5367 | D:5      | Noticed Grinder
  5392 | D:5      | Killed Grinder
  5393 | D:5      | Reached skill level 5 in Fire Magic
  5550 | D:5      | Noticed Edmund
  5750 | D:5      | Found an ancient bone altar of Kikubaaqudgha.
  5795 | D:5      | Found an opulent altar of Gozag.
  6141 | D:6      | Found a broken altar of Ashenzari.
  6145 | D:6      | Saw a vision of the Shoals and the Spider Nest.
  6145 | D:6      | Noticed a merfolk
  6145 | D:6      | Noticed a merfolk siren
  6145 | D:6      | Noticed a sea snake
  6145 | D:6      | Noticed a merfolk
  6145 | D:6      | Noticed a redback
  6145 | D:6      | Noticed a redback
  6145 | D:6      | Noticed a redback
  6145 | D:6      | Noticed a redback
  6145 | D:6      | Noticed a redback
  6145 | D:6      | Noticed a wolf spider
  6146 | D:6      | Noticed a wind drake
  6146 | D:6      | Noticed a redback
  6146 | D:6      | Noticed a wind drake
  6147 | D:6      | Noticed a redback
  6147 | D:6      | Noticed a redback
  6179 | D:6      | Reached XP level 8. HP: 52/57 MP: 14/14
  6445 | D:6      | Found a staircase to the Ecumenical Temple.
  6458 | Temple   | Entered the Ecumenical Temple
  6603 | Temple   | Became a worshipper of Vehumet
  6655 | D:6      | Reached skill level 5 in Spellcasting
  6655 | D:6      | Reached skill level 5 in Conjurations
  6954 | D:6      | Found a hazy altar of Hepliaklqana.
  7041 | D:7      | Found a transporter.
  7090 | D:7      | Reached skill level 5 in Dodging
  7545 | D:7      | Identified the +8 dagger "Xigg" {freeze, Will+ Dex+3}
  7892 | D:7      | Found a transporter.
  7913 | D:7      | Found Poc Atu's Weapon Boutique.
  7937 | D:7      | Reached * piety under Vehumet
  7937 | D:7      | Offered knowledge of Sandblast by Vehumet.
  7938 | D:7      | Reached XP level 9. HP: 48/62 MP: 15/17
  8619 | D:7      | Killed Edmund
  9282 | D:7      | HP: 1/62 [orc priest/divine providence (11)]
 10863 | D:9      | Noticed a two-headed ogre
 11048 | D:9      | Reached XP level 10. HP: 69/69 MP: 14/20
 11218 | D:9      | Killed a two-headed ogre
 11219 | D:9      | Reached skill level 1 in Fighting
 11219 | D:9      | Reached skill level 1 in Air Magic
 11480 | D:9      | Found a staircase to the Lair.
 11943 | D:9      | Noticed a two-headed ogre
 11975 | D:9      | Killed a two-headed ogre
 11975 | D:9      | Reached ** piety under Vehumet
 12035 | D:9      | Offered knowledge of Static Discharge by Vehumet.
 12079 | D:9      | Identified the +5 dagger of the Gnat {vorpal, +Blink}
 13017 | D:9      | Found a shimmering altar of Xom.
 13078 | D:10     | Entered Level 10 of the Dungeon
 13089 | D:10     | Learned a level 9 spell: Fire Storm
 13207 | D:10     | Noticed Josephine
 14477 | D:10     | Reached XP level 11. HP: 44/83 MP: 22/22
 15162 | D:10     | Killed from afar by Josephine

Illustrated notes

Levels and vault maps discovered:
D:1:      amcnicky_arrival_gap_in_the_tavern_cellar, layout_loops_cross,
          serial_shops, shop, shapermc_ecumenical_altar_hornbeckon,
          hangedman_decor_riveting
D:2:      layout_loops_cross, serial_shops, nicolae_shop_statue_plus
D:3:      minmay_spotlight, layout_loops_ring, nicolae_overflow_ecumenical_swirl
D:4:      layout_basic, uniq_eustachio
D:5:      layout_rooms, mainiacjoe_overflow_swirl, serial_bayou,
          serial_bayou_lake_a, serial_bayou_crossing, serial_bayou_pond_c,
          serial_bayou_pond_d, uniq_edmund, uniq_grinder
D:6:      nicolae_cairo_tiling_large_dashed, layout_gridville,
          grunt_ashenzari_visionary [grunt_ashenzari_visionary_shoals,
          grunt_ashenzari_visionary_spider],
          nicolae_hepliaklqana_monster_ancestors, dk_rats_in_the_wall
D:7:      gammafunk_cloud_chamber, layout_loops_ring, serial_shops,
          nicolae_shop_bloodbath_and_beyond, minivault_27
D:8:      layout_loops_ring
D:9:      layout_irregular_city, tgw_xom, lair_entry_dummy
D:10:     layout_irregular_city, uniq_josephine
Temple:   regret_index_temple_sphere_string

Skill      XL: |  1  2  3  4  5  6  7  8  9 10 11 |
---------------+----------------------------------+-----
Dodging        | 2 3 4 5 6 7 |  7.6
Conjurations   | 2 3 4 5 7 8 |  8.3
Spellcasting   | 3 4 5 6 7 |  7.8
Fire Magic     | 4 5 6 7 8 |  8.7
Fighting       | 3 4 |  4.1
Air Magic      | 4 |  4.4
Stealth        | |  1.7

Action                   |  1- 3 |  4- 6 |  7- 9 | 10-12 || total
-------------------------+-------+-------+-------+-------++-------
Melee: Spear             |     9 |       |       |       ||     9
       Punch             |     1 |       |       |       ||     1
       Staff             |     3 |    14 |     4 |       ||    21
       Tailslap          |     1 |     1 |     2 |       ||     4
 Cast: Foxfire           |    62 |    71 |   199 |   124 ||   456
       Conjure Flame     |     2 |     4 |    22 |     3 ||    31
       Scorch            |     1 |    12 |    44 |    51 ||   108
       Inner Flame       |       |       |     2 |    15 ||    17
       Flame Wave        |       |       |       |     1 ||     1
 Abil: Breathe Lightning |       |       |     4 |       ||     4
  Use: Scroll            |       |     5 |     3 |       ||     8
Armor: Skin              |     7 |    29 |    34 |    49 ||   119
Dodge: Dodged            |    25 |    49 |    78 |    76 ||   228

Table legend: (Time is in decaauts)
 A = Elapsed time spent in this place.
 B = Non-inter-level travel time spent in this place.
 C = Inter-level travel time spent in this place.
 D = Time resting spent in this place.
 E = Time spent auto-exploring this place.
 F = Levels seen in this place.
 G = Mean time per level.
                   A        B        C        D        E       F      G
               +--------+--------+--------+--------+--------+-----+--------+
         Total |  15273 |  14912 |    361 |   1779 |   9688 |  11 | 1388.5 |
       Dungeon |  15099 |  14738 |    361 |   1779 |   9567 |  10 | 1509.9 |
        Temple |    174 |    174 |      0 |      0 |    121 |   1 |  174.0 |
               +--------+--------+--------+--------+--------+-----+--------+

Top non-repeatable levels by time:
     D:9: 2759 daAuts
     D:7: 2067 daAuts
    D:10: 1528 daAuts
     D:4: 1472 daAuts
     D:5: 1411 daAuts
     D:2: 1384 daAuts
     D:6: 1232 daAuts
     D:3: 1218 daAuts
     D:8: 1051 daAuts
     D:1: 973 daAuts
  Temple: 174 daAuts
